 Dungeon Crawl Stone Soup version 0.29.1-15-g9cfb28693d (webtiles) character file.

Game seed: 10820156523676685554

11490 jtron the Grappler (level 11, 0/109 (111) HPs)
             Began as a Troll Monk on Mar 21, 2023.
             Was an Initiate of Yredelemnul.
             Slain by a wraith (9 damage)
             ... led by Josephine
             ... on level 10 of the Dungeon.
             The game lasted 00:26:21 (8373 turns).

jtron the Grappler (Troll Monk)                     Turns: 8373, Time: 00:26:22

HP:   0/109 (111)   AC:  8    Str: 21    XL:     11   Next: 50%
MP:   10/11         EV: 11    Int:  6    God:    Yredelemnul [......]
Gold: 479           SH:  0    Dex: 16    Spells: 10/10 levels left

rFire   . . .      SeeInvis .   a - +6 shillelagh "Devastator" {shatter}
rCold   + . .      Faith    .   (no shield)
rNeg    . . .      Spirit   .   m - +2 robe {Will+}
rPois   +          Reflect  .   L - +2 hat
rElec   .          Harm     .   (no cloak)
rCorr   .          Rampage  .   (gloves unavailable)
Will    +....                   (boots unavailable)
Stlth   +++.......              y - amulet of the acrobat
HPRegen 1.08/turn               p - ring of poison resistance
MPRegen 0.12/turn               u - ring of protection from cold

@: hasted and slowed, lightly drained
A: large, unfitting armour, claws 3, regeneration 1, shaggy fur 1, tough skin 1
a: Renounce Religion, Recall Undead Harvest


You were on level 10 of the Dungeon.
You worshipped Yredelemnul.
Yredelemnul was noncommittal.
You visited 2 branches of the dungeon, and saw 11 of its levels.

You collected 503 gold pieces.
You spent 24 gold pieces at shops.

Inventory:

Hand Weapons
 a - the +6 shillelagh "Devastator" (weapon) {shatter}
   (You found it on level 6 of the Dungeon)

   It releases a powerful concussive burst when it strikes, dealing extra damage
   to the target and all other foes adjacent to them.
 b - a +1 sling
 H - a +4 shortbow
Missiles
 g - 113 stones (quivered)
 h - 25 poisoned darts
 x - a throwing net
Armour
 m - a +2 robe of willpower (worn)
 F - a +0 robe
 L - a +2 hat (worn)
Jewellery
 p - a ring of poison resistance (left claw)
 u - a ring of protection from cold (right claw)
 y - an amulet of the acrobat (around neck)
 E - a ring of see invisible
 I - an amulet of magic regeneration
Wands
 f - a wand of paralysis (13)
 s - a wand of flame (20)
 v - a wand of mindburst (7)
Scrolls
 c - 7 scrolls of teleportation
 d - 3 scrolls of vulnerability
 l - 3 scrolls of magic mapping
 n - 2 scrolls of fear
 B - a scroll of poison {unknown}
 C - 2 scrolls of enchant weapon
 J - a scroll of identify
 K - 3 scrolls of enchant armour
Potions
 i - 3 potions of lignification
 j - 5 potions of curing
 k - 3 potions of haste
 o - a potion of degeneration {unknown}
 q - a potion of brilliance {unknown}
 r - 2 potions of ambrosia
 t - 3 potions of flight
 w - 3 potions of attraction
 z - a potion of mutation
 A - a potion of invisibility {unknown}
 D - a potion of might
 G - a potion of cancellation {unknown}


   Skills:
 + Level 8.1 Fighting
 * Level 9.1 Maces & Flails
 - Level 3.0 Dodging
 + Level 4.4 Stealth
 - Level 10.3 Unarmed Combat
 + Level 2.3 Invocations
 + Level 0.8 Evocations


You had 10 spell levels left.
You didn't know any spells.
Your spell library contained the following spells:

 Spells                   Type           Power      Damage    Failure   Level
 Foxfire                  Conj/Fire      0%         2x1d4     45%         1
 Conjure Flame            Conj/Fire      0%         6-21      83%         3
 Inner Flame              Hex/Fire       0%         N/A       83%         3
 Flame Wave               Conj/Fire      0%         2d4       99%         4


Dungeon Overview and Level Annotations

Branches:
Dungeon (10/15)            Temple (1/1) D:4            Lair (0/5) D:8
    Orc (0/2) D:10

Altars:
Cheibriados
Dithmenos
Elyvilon
Fedhas
Gozag
Hepliaklqana
Kikubaaqudgha
Makhleb
Nemelex Xobeh
Okawaru
Qazlal
Ru
Sif Muna
Trog
Uskayaw
Vehumet
Wu Jian
Xom
Yredelemnul
Zin
The Shining One
Jiyva

Shops:
D:6 ?[*!

Annotations:
D:7 3 runed translucent doors, Zeor's ghost, novice VSBr
D:8 3 runed translucent doors, Mune's ghost, novice DECj


Innate Abilities, Weirdness & Mutations

You are too large for most types of armour.
You have claws for hands.
Your natural rate of healing is unusually fast.
You are covered in fur. (AC +1)
You have tough skin. (AC +1)


Message History

* * * LOW HITPOINT WARNING * * *
The wraith closely misses you. The wraith misses you.
Josephine completely misses you. The howler monkey misses you.
You feel yourself speed up. The wraith barely misses you. x2
Josephine hits you with a +1 dagger of venom.
* * * LOW HITPOINT WARNING * * *
The howler monkey barely misses you. The wraith hits you.
* * * LOW HITPOINT WARNING * * *
The wraith drains your vigour!
You feel as though you will be slow longer.
Josephine hits you with a +1 dagger of venom.
* * * LOW HITPOINT WARNING * * *
The wraith hits you.
* * * LOW HITPOINT WARNING * * *
The wraith drains your vigour!
You feel as though you will be slow longer.
You sock Josephine!
Josephine shudders.
Josephine is almost dead.
The wraith is severely damaged.
The wraith is heavily damaged.
The wraith is lightly damaged.
Josephine is almost dead.
The howler monkey hits you but does no damage.
You hit Josephine.
The wraith is almost destroyed.
The wraith is lightly damaged.
You kill Josephine!
The howler monkey hits you but does no damage.
The wraith hits you.
* * * LOW HITPOINT WARNING * * *
The wraith drains your vigour!
You feel as though you will be slow longer.
The wraith barely misses you.
Your Maces & Flails skill increases to level 9!
You hit the wraith.
The howler monkey shudders.
The howler monkey is almost dead.
The wraith is almost destroyed.
The howler monkey hoots and howls with incredible vigour!
The wraith hits you!
You die...
Your body rises from the dead as a mindless zombie.

#.[≈.###.#.≈.#
#..≈.#...#.≈.#
#..≈.#._. .≈.#
#..≈.#.. .≈.#
#..≈.#.###.≈.##
#..≈.......≈..#..
####..≈WW≈≈≈≈≈≈.....#
......h@W..$....# .#
#########..#.#####..
#..#Z.......#.#
#W§#[Z..####...
#W.#Z...#....8..
#..#Z...#.......
#..#....#.......
...#....#.......
...#....^.......


You could see 3 wraiths and a howler monkey (catching breath).

Vanquished Creatures
  Gastronok (D:8)
  Josephine (D:10)
  Pikel (D:6)
  Joseph (D:7)
  11 yaks
  2 wraiths (D:10)
  A wyvern (D:9)
  Grum (D:8)
  A steam dragon (D:8)
  Duvessa (D:4)
  4 water moccasins
  A sky beast (D:7)
  A black bear (D:6)
  2 orc warriors
  7 ogres
  2 centaurs
  4 wolves (D:8)
  2 phantoms
  2 kobold brigands
  2 bullfrogs
  2 necrophages
  5 scorpions
  Dowan (D:4)
  7 killer bees
  2 electric eels (D:8)
  A howler monkey (D:5)
  2 wolf zombies (D:8)
  6 orc priests
  A hound (D:3)
  A jelly (D:5)
  A gnoll bouda (D:5)
  4 iguanas
  7 orc wizards
  Ijyb (D:4)
  3 ogre zombies (D:10)
  2 kobold zombies (D:8)
  6 adders
  9 gnolls
  A shadow imp (D:6)
  3 white imps
  2 ufetubi
  2 worms
  3 dart slugs
  26 orcs
  3 bats
  10 endoplasms
  10 giant cockroaches
  15 goblins
  10 hobgoblins
  A quokka (D:3)
  8 ball pythons
  5 frilled lizards
  2 goblin skeletons (D:10)
  A goblin zombie (D:10)
  3 hobgoblin skeletons (D:10)
  A hobgoblin zombie (D:10)
  8 kobolds
  10 orc zombies
  7 rats
240 creatures vanquished.

Vanquished Creatures (collateral kills)
  Harold (D:9)
  A shadow (D:10)
  4 yaks
  A wyvern (D:10)
  An orc warrior (D:9)
  A black bear (D:5)
  An ogre (D:6)
  A centaur (D:9)
  A troll zombie (D:10)
  9 killer bees
  An electric eel (D:8)
  An orc wizard (D:9)
  4 ogre zombies (D:10)
  A gnoll (D:5)
  An adder (D:5)
  A shadow imp (D:6)
  An ufetubus (D:5)
  6 orcs
  A giant cockroach (D:5)
  4 goblins (D:9)
  A hobgoblin (D:4)
  A hobgoblin zombie (D:10)
  7 orc zombies (D:10)
  2 rats (D:5)
53 creatures vanquished.

Vanquished Creatures (others)
  4 yak zombies
  A centaur zombie (D:8)
  An orc wizard (D:4)
  3 killer bee zombies (D:9)
  An ogre zombie (D:6)
  A gnoll zombie (D:8)
  A jelly zombie (D:5)
  5 orc zombies
  A spectral shadow imp (D:6)
  A spectral white imp (D:8)
  An endoplasm zombie (D:4)
  A goblin zombie (D:4)
  3 kobold zombies (D:7)
  A spectral orc (D:9)
  A spectral ufetubus (D:5)
  7 demonic plants (D:6)
  5 fungi (D:8)
  18 plants (D:8)
56 creatures vanquished.

Grand Total: 349 creatures vanquished

Notes
Turn   | Place    | Note
-------+----------+-------------------------------------------
     0 | D:1      | jtron the Troll Monk began the quest for the Orb.
     0 | D:1      | Reached XP level 1. HP: 22/22 MP: 0/0
   113 | D:1      | Reached XP level 2. HP: 29/29 MP: 1/1
   407 | D:1      | Reached XP level 3. HP: 36/36 MP: 2/2
   797 | D:2      | Found a faded altar of an unknown god.
   998 | D:2      | Reached skill level 4 in Unarmed Combat
  1010 | D:2      | Reached XP level 4. HP: 41/44 MP: 3/3
  1536 | D:3      | Reached XP level 5. HP: 53/53 MP: 4/4
  1569 | D:3      | You fall into a shaft and drop 2 floors!
  1569 | D:5      | Entered Level 5 of the Dungeon
  1603 | D:4      | Found a sacrificial altar of Ru.
  1766 | D:3      | Reached skill level 5 in Unarmed Combat
  2111 | D:4      | Noticed Duvessa
  2116 | D:4      | Reached XP level 6. HP: 49/61 MP: 5/5
  2131 | D:4      | Killed Duvessa
  2132 | D:4      | Reached skill level 6 in Unarmed Combat
  2280 | D:4      | Found a staircase to the Ecumenical Temple.
  2289 | Temple   | Entered the Ecumenical Temple
  2557 | Temple   | Became a worshipper of Yredelemnul the Dark
  2557 | Temple   | Reached * piety under Yredelemnul
  2557 | Temple   | Reached ** piety under Yredelemnul
  2693 | D:4      | Found a stormy altar of Qazlal.
  2749 | D:4      | Noticed Dowan
  2766 | D:4      | Killed Dowan
  2767 | D:4      | Reached XP level 7. HP: 55/68 MP: 6/6
  3007 | D:4      | Noticed Ijyb
  3014 | D:4      | Killed Ijyb
  3167 | D:5      | Reached skill level 7 in Unarmed Combat
  3221 | D:5      | Found an ornate altar of the Wu Jian Council.
  3372 | D:5      | Reached skill level 8 in Unarmed Combat
  3372 | D:5      | Reached XP level 8. HP: 59/79 MP: 7/7
  3686 | D:5      | Reached *** piety under Yredelemnul
  3731 | D:5      | Found a hide-covered altar of Uskayaw.
  3841 | D:5      | Reached skill level 5 in Fighting
  4084 | D:6      | Found Junaxzyc's Magic Scroll Shop.
  4098 | D:6      | Bought a scroll of identify for 24 gold pieces
  4133 | D:6      | Noticed Pikel
  4134 | D:6      | Paralysed by Pikel for 5 turns
  4141 | D:6      | Killed Pikel
  4142 | D:6      | Reached skill level 9 in Unarmed Combat
  4142 | D:6      | Reached skill level 1 in Invocations
  4142 | D:6      | Reached XP level 9. HP: 76/88 MP: 8/8
  4429 | D:6      | Found Kotollag's General Store.
  4429 | D:6      | Identified the +5 flail "Loopy" {holy, +Blink}
  4473 | D:6      | Found Pokhygem's Antique Armour Emporium.
  4513 | D:6      | Found Ypry's Distillery.
  4649 | D:6      | Found the +6 shillelagh "Devastator" {shatter}
  4653 | D:6      | Reached skill level 10 in Unarmed Combat
  4967 | D:7      | Found an ancient bone altar of Kikubaaqudgha.
  5092 | D:7      | Reached skill level 1 in Maces & Flails
  5182 | D:7      | Found a runed translucent gate.
  5183 | D:7      | Found a runed translucent gate.
  5183 | D:7      | Found a runed translucent gate.
  5186 | D:7      | Noticed Zeor's ghost (novice VSBr)
  5391 | D:7      | Noticed Joseph
  5400 | D:7      | Killed Joseph
  5446 | D:7      | Found a hazy altar of Hepliaklqana.
  5655 | D:7      | Reached XP level 10. HP: 100/100 MP: 6/10
  5691 | D:7      | Reached **** piety under Yredelemnul
  6063 | D:8      | Noticed Grum
  6150 | D:8      | Found a staircase to the Lair.
  6329 | D:8      | Killed Grum
  6330 | D:8      | Reached skill level 5 in Maces & Flails
  6403 | D:8      | Found a runed translucent gate.
  6403 | D:8      | Found a runed translucent gate.
  6404 | D:8      | Found a runed translucent gate.
  6406 | D:8      | Noticed Mune's ghost (novice DECj)
  6604 | D:8      | Noticed Gastronok
  6614 | D:8      | Killed Gastronok
  6684 | D:8      | Your ally Grum died
  7005 | D:8      | Found a viscous altar of Jiyva.
  7172 | D:9      | Noticed Harold
  7196 | D:9      | Killed Harold
  7197 | D:9      | Reached XP level 11. HP: 87/110 MP: 11/11
  7407 | D:9      | Reached ***** piety under Yredelemnul
  8196 | D:10     | Entered Level 10 of the Dungeon
  8232 | D:10     | Found a staircase to the Orcish Mines.
  8344 | D:10     | Noticed Josephine
  8353 | D:10     | Found a glowing golden altar of the Shining One.
  8368 | D:10     | HP: 3/101 [Josephine/+1 dagger of venom (3)]
  8372 | D:10     | Killed Josephine
  8373 | D:10     | Slain by a wraith

Illustrated notes

Levels and vault maps discovered:
D:1:      lightli_arrival_flooded_house, layout_basic,
          chequers_serial_rivers_micro_c
D:2:      layout_loops_ring, hellmonk_ecumenical_altar_arch_garden,
          minmay_nonomino_d4
D:3:      layout_rooms
D:4:      cheibrodos_pilgrimage, layout_loops_ring, amcnicky_altar_gilded,
          mainiacjoe_overflow_cross_hatched,
          minmay_temple_entry_drinking_statues, uniq_ijyb, uniq_duvessa
D:5:      layout_cave_pods, overflow_temple_1_default,
          nicolae_overflow_crystal_walls, portal_sewer_entry_a
D:6:      layout_basic, serial_demonic, serial_demonic_g, serial_demonic_c,
          serial_demonic_e, serial_demonic_g, serial_shops, shop_statue,
          nicolae_diamond_shop, nicolae_take_the_stairs,
          nicolae_shop_hallway_plus, dilly_guarded_unrand_devastator, uniq_pikel
D:7:      layout_loops_ring, mainiacjoe_overflow_alcove_2,
          kiku_gazebo_garden_becter, gammafunk_ghost_split, uniq_joseph
D:8:      layout_loops_ring, dpeg_oklobed_lair, gammafunk_ghost_ooze,
          enter_ossuary_2, chequers_big_river, st_stairs_8, uniq_gastronok,
          uniq_grum
D:9:      layout_stronghold, enter_bailey_3, serial_co_window_serial,
          co_window_paths_a, co_window_cross_1, co_window_paths_a,
          co_window_paths_a, co_window_paths_b, co_window_corner_a,
          co_window_cross_1, co_window_paths_a, co_window_of_opportunity_a,
          co_window_corner_ca, co_window_broadway_a, co_window_paths_c,
          glass_columns_a, uniq_harold
D:10:     minmay_blocky_corners, layout_irregular_city,
          lemuel_coloured_pillars_altar, mainiacjoe_overflow_brackets,
          zombieorc2_lemuel, uniq_josephine
Temple:   minmay_temple_curvy_branch

Skill      XL: |  1  2  3  4  5  6  7  8  9 10 11 |
---------------+----------------------------------+-----
Unarmed Combat | 4 5 6 8 9 10 | 10.3
Fighting       | 3 4 5 6 7 8 |  8.1
Dodging        | 3 |  3.0
Stealth        | 2 3 4 |  4.4
Invocations    | 1 2 |  2.3
Maces & Flails | 3 7 9 |  9.1
Evocations     | |  0.8

Action                   |  1- 3 |  4- 6 |  7- 9 | 10-12 || total
-------------------------+-------+-------+-------+-------++-------
Melee: Unarmed           |    89 |   143 |   146 |       ||   378
       Punch             |       |     2 |    14 |    10 ||    26
       Shillelagh        |       |       |    24 |   121 ||   145
 Fire: Sling             |       |     3 |       |       ||     3
Throw: Stone             |       |       |     1 |       ||     1
Invok: Dark Bargain      |       |       |     3 |     1 ||     4
       Recall Undead Har |       |       |     1 |     2 ||     3
       Bind Soul         |       |       |       |     1 ||     1
Evoke: Wand              |       |       |       |     5 ||     5
  Use: Potion            |       |     3 |       |     4 ||     7
       Scroll            |       |       |     9 |     5 ||    14
 Stab: Sleeping          |     1 |     2 |     2 |     1 ||     6
       Distracted        |       |       |     1 |       ||     1
Armor: Robe              |    35 |    38 |    28 |    56 ||   157
Dodge: Dodged            |    38 |    62 |   110 |   148 ||   358
